 Dungeon Crawl Stone Soup version 0.27-a0-223-ge082b6e869 (webtiles) character file.

Game seed: 12199179275415742671

9 gimp the Digger (level 2, 19/19 HPs)
             Began as a Demonspawn Earth Elementalist on Feb 1, 2021.
             Quit the game on level 1 of the Dungeon.
             The game lasted 00:00:50 (407 turns).

gimp the Digger (Demonspawn Earth Elementalist)      Turns: 407, Time: 00:00:50

Health: 19/19      AC:  2    Str:  8    XL:     2   Next: 3%
Magic:  5/5        EV: 12    Int: 16    God:
Gold:   11         SH:  0    Dex: 13    Spells: 4/5 levels left

rFire    . . .     SeeInvis .   (no weapon)
rCold    . . .     Faith    .   (no shield)
rNeg     . . .     Spirit   .   c - +0 robe
rPois    .         Reflect  .   (helmet restricted)
rElec    .         Harm     .   (no cloak)
rCorr    .         Rampage  .   (no gloves)
Will     .....                  (no boots)
Stlth    ++........             (no amulet)
HPRegen  0.06/turn              (no ring)
MPRegen  0.09/turn              (no ring)

@: no status effects
A: antennae 1
a: no special abilities


You were on level 1 of the Dungeon.
You visited 1 branch of the dungeon, and saw 1 of its levels.

You collected 11 gold pieces.

Inventory:

Missiles
 b - 32 stones
Armour
 c - a +0 robe (worn)
 e - a +0 helmet
 i - a +0 robe of the Archmagi
Scrolls
 a - a scroll of teleportation {unknown}
 f - a scroll of amnesia {unknown}
 h - 2 scrolls of identify {unknown}
Potions
 d - a potion of resistance {unknown}
 g - a potion of heal wounds {unknown}


   Skills:
 - Level 1.7 Dodging
 - Level 1.7 Stealth
 - Level 2.0 Spellcasting
 - Level 0.8 Transmutations
 + Level 3.2 Earth Magic


You had 4 spell levels left.
You knew the following spells:

 Your Spells              Type           Power        Failure   Level
a - Sandblast             Erth           24%          5%          1

Your spell library contained the following spells:

 Spells                   Type           Power        Failure   Level
 Passwall                 Tmut/Erth      6%           14%         2
 Stone Arrow              Conj/Erth      12%          32%         3
 Petrify                  Tmut/Erth      8%           65%         4
 Lee's Rapid Deconstruct  Erth           6%           83%         5


Dungeon Overview and Level Annotations

Branches:
Dungeon (1/15)

Altars:


Innate Abilities, Weirdness & Mutations

You have a pair of small antennae on your head.


Message History

The hobgoblin is heavily wounded.
The hobgoblin shouts!
You now have 2/3 mp.
Casting: Sandblast (safe; 5% risk of failure)
Confirm with . or Enter, or press ? or * to list all spells.
Aiming: Sandblast (safe; 5% risk of failure)
Press: ? - help, Shift-Dir - straight line, f/p - hobgoblin
Aim: a hobgoblin, wielding a +0 club (heavily wounded, 21% to evade)
The blast of sand hits the hobgoblin.
You kill the hobgoblin!
You have reached level 2!
You feel monstrous as your demonic heritage exerts itself.
Your demonic ancestry asserts itself...
A pair of antennae grows on your head!
Your +0 helmet falls away!
Health restored: 19 You now have 1/5 mp.
Things that are here:
a +0 club; a hobgoblin corpse; MP restored: 5 Are you sure you want to abandon this character and quit the game? (Confirm with "yes".)

#.#.#.....
#.#.#.....
#.#.#.....
#.#.#.....
#.#.#...##
######.#+#...#
#..........###
########..........+
#....@.'..........#
#+######...†......#
#..........#
############


There were no monsters in sight!

Vanquished Creatures
  A dart slug (D:1)
  A giant cockroach (D:1)
  A goblin (D:1)
  2 hobgoblins (D:1)
  A frilled lizard (D:1)
6 creatures vanquished.

Notes
Turn   | Place    | Note
-------+----------+-------------------------------------------
     0 | D:1      | gimp the Demonspawn Earth Elementalist began the quest for
                  | the Orb.
     0 | D:1      | Reached XP level 1. HP: 13/13 MP: 3/3
   207 | D:1      | Reached skill level 3 in Earth Magic
   362 | D:1      | Gained mutation: You have a pair of small antennae on your
                  | head. [demonic ancestry]
   362 | D:1      | Reached XP level 2. HP: 19/19 MP: 1/5
   407 | D:1      | Quit the game

Illustrated notes

Levels and vault maps discovered:
D:1:      nicolae_arrival_memento_mori, layout_basic

Skill      XL: |  1 |
---------------+----+-----
Earth Magic    | 3 |  3.2
Dodging        | |  1.7
Stealth        | |  1.7
Spellcasting   | |  2.0
Transmutations | |  0.8

Action                   || total
-------------------------++-------
 Cast: Sandblast         ||    11
Dodge: Dodged            ||     2

Table legend: (Time is in decaauts)
 A = Elapsed time spent in this place.
 B = Non-inter-level travel time spent in this place.
 C = Inter-level travel time spent in this place.
 D = Time resting spent in this place.
 E = Time spent auto-exploring this place.
 F = Levels seen in this place.
 G = Mean time per level.
                   A        B        C        D        E       F      G
               +--------+--------+--------+--------+--------+-----+--------+
         Total |    407 |    407 |      0 |      0 |    352 |   1 |  407.0 |
       Dungeon |    407 |    407 |      0 |      0 |    352 |   1 |  407.0 |
               +--------+--------+--------+--------+--------+-----+--------+

Top non-repeatable levels by time:
     D:1: 407 daAuts
